 Dungeon Crawl Stone Soup version 0.31-a0-18-gea43df2a32 (webtiles) character file.

Game seed: 2709422468980348367

139 senseless the Firebug (level 4, -3/33 HPs)
             Began as a Demigod Fire Elementalist on May 9, 2023.
             Slain by a gnoll
             ... wielding a +0 halberd
             ... led by a gnoll bouda
              (8 damage)
             ... on level 3 of the Dungeon.
             The game lasted 00:05:13 (2814 turns).

senseless the Firebug (Demigod Fire Elementalist)   Turns: 2814, Time: 00:05:14

Health: -3/33      AC:  2    Str:  9    XL:     4   Next: 70%
Magic:  8/10       EV: 27    Int: 21    God:
Gold:   150        SH:  0    Dex: 14    Spells: 5/8 levels left

rFire   . . .        i - +1 dagger (speed)
rCold   . . .        (no shield)
rNeg    . . .        a - +0 robe
rPois   .            (no helmet)
rElec   .            (no cloak)
rCorr   .            (no gloves)
SInv    .            (no boots)
Will    .....        n - amulet of the acrobat
Stlth   ++           (no ring)
HPRegen 0.25/turn    (no ring)
MPRegen 0.12/turn

%: acrobat
@: acrobatic
A: high MP 1, forlorn, divine attributes
a: no special abilities


You were on level 3 of the Dungeon.
You visited 1 branch of the dungeon, and saw 4 of its levels.

You collected 150 gold pieces.

Inventory:

Hand Weapons
 i - a +1 dagger of speed (weapon)
Armour
 a - a +0 robe (worn)
Jewellery
 n - an amulet of the acrobat (around neck)
Scrolls
 e - 2 scrolls of identify {unknown}
 g - a scroll of fog {unknown}
 h - a scroll of summoning {unknown}
 l - a scroll of noise {unknown}
 o - a scroll of immolation {unknown}
 q - 2 scrolls of amnesia {unknown}
 r - a scroll of teleportation {unknown}
Potions
 b - a potion of magic
 c - 2 potions of heal wounds {unknown}
 d - 2 potions of lignification {unknown}
 f - a potion of mutation {unknown}
 j - 3 potions of curing {unknown}
 k - a potion of haste {unknown}
 m - 3 potions of brilliance {unknown}
 p - a potion of degeneration {unknown}


   Skills:
 + Level 2.7 Dodging
 - Level 1.7 Stealth
 + Level 2.6 Spellcasting
 + Level 2.2 Conjurations
 + Level 3.4 Fire Magic


You had 5 spell levels left.
You knew the following spells:

 Your Spells              Type           Power      Damage    Failure   Level
a - Foxfire               Conj/Fire      56%        2x1d6     4%          1
b - Scorch                Fire           34%        2d6       4%          2

Your spell library contained the following spells:

 Spells                   Type           Power      Damage    Failure   Level
 Sting                    Tmut/Pois      8%         1d3       14%         1
 Inner Flame              Hex/Fire       10%        N/A       21%         3
 Volatile Blastmotes      Fire/Tloc      20%        2d11      21%         3
 Poisonous Vapours        Pois/Air       4%         N/A       22%         2
 Flame Wave               Conj/Fire      14%        2d6       38%         4
 Olgreb's Toxic Radiance  Pois           2%         N/A       80%         4


Dungeon Overview and Level Annotations

Branches:
Dungeon (4/15)
 Temple: D:4-7


Innate Abilities, Weirdness & Mutations

You have an increased reservoir of magic. (+10% MP)
You shall have no god before yourself.
Your divine heritage dramatically boosts your attributes as you level up.


Message History

The gnoll bouda hits you with a +0 whip!
* * * LOW HITPOINT WARNING * * *
Casting: Foxfire (safe; 4% risk of failure)
Confirm with . or Enter, or press ? or * to list all spells.
Flames lash the gnoll bouda.
You kill the gnoll bouda!
You start resting.
Your attacks no longer feel as feeble.
You start resting.
Magic restored.
You start resting.
HP restored.
Things that are here:
a +0 whip; a +0 robe; a gnoll corpse
There is a stone staircase leading down, spattered with blood here.
You climb downwards.
The gnoll barely misses you.
There is a stone staircase leading up here.
The gnoll completely misses you. The gnoll attacks as you move away!
The gnoll completely misses you. x2
An endoplasm comes into view.
The gnoll throws a throwing net.
The throwing net closely misses you.
There is a stone staircase leading up here.
You see here a throwing net.
The gnoll closely misses you. The gnoll hits you with a +0 halberd!
The gnoll barely misses you.
There is a stone staircase leading up here.
You see here a throwing net.
The gnoll misses you.
The gnoll hits you from afar with a +0 spear!
You climb upwards.
There is a stone staircase leading down here.
Casting: Scorch (safe; 4% risk of failure)
Confirm with . or Enter, or press ? or * to list all spells.
Flames lash the gnoll.
The gnoll is moderately wounded.
The gnoll's fire resistance burns away.
The gnoll hits you with a +0 halberd!
* * * LOW HITPOINT WARNING * * *
The gnoll barely misses you. The gnoll hits you with a +0 halberd!
You die...

.# #...........# .#
#...........####### .#
#.................# .#
#.................# ##
#.................#
######.#######.####
#########.#######.#
..............g>#.#
###############g@.####
...# #.......# ##.##
#..####.#
#..##########.......#
##))..)....##....##.###
#)#######.#.......<..#
#...#..<..#...##.###.#
#....................#
###.......###.##.##..#


You could see 2 gnolls.

Vanquished Creatures
  A gnoll bouda (D:3)
  An orc wizard (D:3)
  An adder (D:3)
  3 gnolls (D:2)
  A worm (D:2)
  A dart slug (D:1)
  8 orcs (D:3)
  3 endoplasms
  4 goblins
  6 hobgoblins
  2 kobolds (D:1)
  A quokka (D:1)
  4 ball pythons
  2 bats (D:3)
  A frilled lizard (D:2)
  2 rats
41 creatures vanquished.

Vanquished Creatures (collateral kills)
  A foxfire (D:1)
1 creature vanquished.

Vanquished Creatures (others)
  140 foxfires
140 creatures vanquished.

Grand Total: 182 creatures vanquished

Notes
Turn   | Place    | Note
-------+----------+-------------------------------------------
     0 | D:1      | senseless the Demigod Fire Elementalist began the quest for
                  | the Orb.
     0 | D:1      | Reached XP level 1. HP: 14/14 MP: 5/5
   109 | D:1      | Reached skill level 1 in Conjurations
   535 | D:1      | Reached XP level 2. HP: 15/20 MP: 4/7
  1025 | D:1      | Learned a level 2 spell: Scorch
  1441 | D:2      | Reached skill level 3 in Fire Magic
  1456 | D:2      | Reached XP level 3. HP: 17/26 MP: 1/8
  2345 | D:3      | Reached XP level 4. HP: 33/33 MP: 6/10
  2814 | D:3      | Slain by a gnoll

Illustrated notes

Levels and vault maps discovered:
D:1:      tekkud_arrival_beachfront_property, layout_basic,
          chequers_serial_rivers_marsh, minmay_gold_behind_fungi
D:2:      layout_basic, shapermc_ecumenical_altar_venn, st_stairs_8
D:3:      layout_basic
D:4:      layout_loops_ring, minmay_temple_entry_waves, uniq_ijyb

Skill      XL: |  1  2  3 |
---------------+----------+-----
Conjurations   | 1 2 |  2.2
Dodging        | 2 |  2.7
Spellcasting   | 2 |  2.6
Fire Magic     | 3 |  3.4
Stealth        | |  1.7

Action                     |  1- 3 |  4- 6 || total
---------------------------+-------+-------++-------
  Melee: Unarmed           |     4 |       ||     4
         Dagger            |    42 |    19 ||    61
         Punch             |     1 |       ||     1
   Cast: Foxfire           |    76 |    10 ||    86
         Scorch            |     2 |     5 ||     7
   Stab: Sleeping          |     3 |     1 ||     4
 Armour: Robe              |     6 |     2 ||     8
  Dodge: Dodged            |    27 |    20 ||    47

Table legend: (Time is in decaauts)
 A = Elapsed time spent in this place.
 B = Non-inter-level travel time spent in this place.
 C = Inter-level travel time spent in this place.
 D = Time resting spent in this place.
 E = Time spent auto-exploring this place.
 F = Levels seen in this place.
 G = Mean time per level.
                   A        B        C        D        E       F      G
               +--------+--------+--------+--------+--------+-----+--------+
         Total |   2799 |   2568 |    231 |    123 |   2123 |   4 |  699.8 |
       Dungeon |   2799 |   2568 |    231 |    123 |   2123 |   4 |  699.8 |
               +--------+--------+--------+--------+--------+-----+--------+

Top non-repeatable levels by time:
     D:1: 1115 daAuts
     D:2: 934 daAuts
     D:3: 737 daAuts
     D:4: 12 daAuts
